 Dungeon Crawl Stone Soup version 0.17-a0-1647-gb11a595 (webtiles) character file.

562185 Nakatomy the Slayer (level 25, -1/273 HPs)
             Began as a Deep Dwarf Fighter on Aug 11, 2015.
             Was the Champion of Makhleb.
             Killed from afar by an electric golem (26 damage)
             ... with a bolt of lightning
             ... on level 4 of the Realm of Zot on Aug 12, 2015.
             The game lasted 08:28:42 (58800 turns).

Nakatomy the Slayer (Deep Dwarf Fighter)           Turns: 58800, Time: 08:28:42

Health: -1/273     AC: 40    Str: 27    XL:     25   Next: 38%
Magic:  9/9        EV:  8    Int: 16    God:    Makhleb [******]
Gold:   5497       SH:  0    Dex: 15    Spells: 0 memorised, 24 levels left

rFire  + + +     SeeInvis .     q - +9 battleaxe (elec)
rCold  + + +     Clarity  +     k - +11 plate armour of Nydiqug {rN+}
rNeg   + + +     SustAt   .     (no shield)
rPois  +         Gourm    .     s - +2 helmet {Int+3}
rElec  .         Spirit   .     l - +2 cloak of Curiosity {rPois rF+++ Int-5 Stlth+}
rCorr  .         Warding  .     H - +0 pair of gloves "Kynila" {rPois MP+9 Dex-3}
rMut   .         Stasis   .     j - +2 pair of boots "Plog" {rF+ rC++ Str-2 Int+2}
MR     +++++                    R - amulet of the Four Winds {Clar rN+ MR+++}
Stlth  ..........               M - ring "Rotiodd" {rPois rC+ rN+ Dex+3}
                                r - ring "Jafasar" {*Drain rC+ Int+4 Dex+3 Slay+2}

@: corroded equipment, non-regenerating, almost entirely resistant to hostile
enchantments, extremely unstealthy
A: damage resistance, recharge devices, blurry vision 1, negative energy
resistance 1, sense surroundings 3, screaming 2, slow healing 3
a: Device Recharging, Minor Destruction, Lesser Servant of Makhleb, Major
Destruction, Greater Servant of Makhleb, Renounce Religion
}: 3/15 runes: barnacled, silver, gossamer


You were on level 4 of the Realm of Zot.
You worshipped Makhleb.
Makhleb was exalted by your worship.
You were not hungry.

You visited 11 branches of the dungeon, and saw 53 of its levels.
You visited 1 ziggurat, and saw 8 of its levels.

You collected 7714 gold pieces.
You spent 2217 gold pieces at shops.

Inventory:

Hand weapons
 a - the +3 broad axe of Ariqag {chop, Str+7}
   (You acquired it on level 1 of the Lair of Beasts)

   It inflicts extra damage upon your enemies.
   It affects your strength (+7).
 b - the +6 war axe "Oneytac" {flame, Dex+10}
   (You took it off a fire giant on level 3 of the Depths)

   It has been specially enchanted to burn those struck by it, causing extra
   injury to most foes and up to half again as much damage against particularly
   susceptible opponents.
   Big, fiery blades are also staple armaments of hydra-hunters.
   It affects your dexterity (+10).
 g - the +7 hand axe of the Assorted Lives {pain, rPois}
   (You found it on level 4 of the Spider Nest)

   In the hands of one skilled in necromantic magic, it inflicts extra damage on
   living creatures.
   It protects you from poison.
 q - a +9 battleaxe of electrocution (weapon)
Armour
 j - the +2 pair of boots "Plog" (worn) {rF+ rC++ Str-2 Int+2}
   (You found it on level 2 of a ziggurat)

   It affects your strength (-2).
   It affects your intelligence (+2).
   It protects you from fire.
   It greatly protects you from cold.
 k - the +11 plate armour of Nydiqug (worn) {rN+}
   (You bought it in a shop on level 1 of the Vaults)

   It protects you from negative energy.
 l - the +2 cloak of Curiosity (worn) {rPois rF+++ Int-5 Stlth+}
   (You bought it in a shop on level 1 of the Vaults)

   It affects your intelligence (-5).
   It renders you almost immune to fire.
   It protects you from poison.
   It makes you more stealthy.
 s - a +2 helmet of intelligence (worn)
 C - a +1 pair of boots of flying
 H - the +0 pair of gloves "Kynila" (worn) {rPois MP+9 Dex-3}
   (You bought it in a shop on level 3 of the Vaults)

   It affects your dexterity (-3).
   It protects you from poison.
   It affects your magic capacity (+9).
 S - a +2 buckler of reflection
Jewellery
 i - an uncursed amulet of resist corrosion
 o - an uncursed amulet of guardian spirit
 r - the ring "Jafasar" (left hand) {*Drain rC+ Int+4 Dex+3 Slay+2}
   (You took it off an ironbrand convoker on level 5 of the Vaults)

   [ring of protection from cold]

   It affects your intelligence (+4).
   It affects your dexterity (+3).
   It affects your accuracy and damage with ranged weapons and melee attacks
   (+2).
   It protects you from cold.
   It causes draining when unequipped.
 M - the ring "Rotiodd" (right hand) {rPois rC+ rN+ Dex+3}
   (You found it on level 3 of the Orcish Mines)

   [ring of protection from cold]

   It affects your dexterity (+3).
   It protects you from cold.
   It protects you from poison.
   It protects you from negative energy.
 R - the amulet of the Four Winds (around neck) {Clar rN+ MR+++}
   (You found it on level 5 of the Vaults)

   [amulet of clarity]

   It provides mental clarity.
   It protects you from negative energy.
   It affects your resistance to hostile enchantments.
 W - an uncursed ring of sustain attributes
Magical devices
 c - a wand of teleportation (4)
 e - a wand of heal wounds (1)
 z - a wand of cold (9)
 Q - a wand of digging (20)
 T - a wand of fireball (8)
 Y - a wand of flame (35)
Scrolls
 h - 3 scrolls of recharging
 m - 12 scrolls of teleportation
 n - 4 scrolls of fear
 x - 11 scrolls of remove curse
 y - a scroll of amnesia
 D - 2 scrolls of magic mapping
 J - 17 scrolls of identify
Potions
 d - a potion of might
 p - 5 potions of haste
 t - 6 potions of heal wounds
 u - 4 potions of resistance
 v - 7 potions of curing
 L - a potion of agility
Comestibles
 f - 13 bread rations
 A - a royal jelly
 U - a meat ration


   Skills:
 + Level 25.2 Fighting
 - Level 22.5 Axes
 - Level 21.4 Armour
 - Level 6.2 Shields
 - Level 22.7 Invocations
 - Level 2.0 Evocations


You had 24 spell levels left.
You didn't know any spells.

Dungeon Overview and Level Annotations

Branches:
Dungeon (15/15)            Temple (1/1) D:6            Lair (8/8) D:8
 Shoals (4/4) Lair:5       Spider (4/4) Lair:6        Slime (0/6) Lair:8
    Orc (4/4) D:12            Elf (0/3) Orc:4        Vaults (5/5) D:13
  Crypt (0/3) Vaults:3     Depths (5/5) D:15           Hell (1/1)
    Dis (0/7) Hell            Coc (1/7) Hell            Tar (0/7) Hell
    Zot (5/5) Depths:5
    Geh: Hell:1

Altars:
Ashenzari
Cheibriados
Dithmenos
Elyvilon
Fedhas
Gozag
Kikubaaqudgha
Makhleb
Nemelex Xobeh
Okawaru
Qazlal
Ru
Sif Muna
Trog
Vehumet
Xom
Yredelemnul
Zin
The Shining One
Beogh
Jiyva

Shops:
D:11 %   Orc:4 [[!*   Vaults:1 (?![[   Vaults:3 [:[   Depths:1 %   Depths:5 }

Portals:
Hell: Depths:1 Depths:2 Depths:3 Depths:4 Depths:5
Abyss: Depths:4
Pandemonium: Depths:3 Depths:4

Annotations:
D:6 Eustachio
Lair:4 Snorg
Shoals:4 Ilsuiw


Innate Abilities, Weirdness & Mutations

You are resistant to damage.
You can recharge devices by infusing magical energy.
You resist negative energy.
You passively map a large area around you.
You do not heal naturally.
Scrolls take you a little longer to read.
You sometimes yell uncontrollably at your foes.


Message History

Drink which item? (? for menu, Esc to quit)
You feel better. The ancient lich completely misses you.
Evoke which item? (* to show all) (? for menu, Esc to quit)
Zapping:
e - a wand of heal wounds (2)
Press: ? - help, Shift-Dir - straight line, f - you You feel much better.
This wand has 1 charge left.
The ancient lich closely misses you.
The electric golem hurls lightning at you.
The bolt of lightning hits you! x2
* * * LOW HITPOINT WARNING * * *
The bolt of lightning hits the electric golem.
The electric golem completely resists.
The ancient lich points at you and mumbles some strange words.
The bolt of acid hits you!
* * * LOW HITPOINT WARNING * * *
The acid burns!
* * * LOW HITPOINT WARNING * * *
The electric golem hurls lightning at you.
The bolt of lightning hits you!
You die...

******** ************* ,,,,,,,*
*,,,,,,,,,,,## ,,,,,,,*
*,,,,,,,,,,,.## *,,*****
***********,..## *,,**********
#######...## ,,,,,,,,,,,,*
#@L..#.....#* ,,,,,,,,,,,,*
#.8.....#,,,** ***,,********
####...##*,,,** ###,,***
##########...##*,,,* ...,,,,*
#.......###...##*,,* ..,,,,,*
#.......>###...##*** ********
#######...###...## ### ##
##############...###...## #..
.####.(.........###...###...###.>


You could see an electric golem and an ancient lich.

Vanquished Creatures
  3 ancient liches
  2 orbs of fire
  A shard shrike (Coc:1)
  A Killer Klown (Zot:5)
  Geryon (Hell)
  2 caustic shrikes
  7 golden dragons
  Nikola (Vaults:2)
  A Brimstone Fiend (Coc:1)
  The ghost of runewalsh the Cryomancer, a mighty OpIE of Sif Muna (Depths:1)
  Jorgrun (Depths:3)
  11 tentacled monstrosities
  3 Ice Fiends (Coc:1)
  Rupert (Lair:6)
  6 titans
  A Shadow Fiend (Depths:5)
  4 Orb Guardians (Zot:5)
  A quicksilver dragon (Depths:4)
  2 krakens
  Murray (Hell)
  3 acid blobs
  4 sphinxes
  7 storm dragons
  A shadow dragon (shapeshifter) (Zig:4)
  An azure jelly (Zig:6)
  2 draconian monks
  4 shadow dragons
  12 tengu reavers
  11 frost giants
  A daeva (Depths:4)
  12 fire giants
  7 vault wardens
  An orc warlord (Orc:3)
  Maud (Depths:3)
  3 draconian knights
  A deep elf sorcerer (Vaults:1)
  5 ghost moths
  8 emperor scorpions
  5 draconian zealots
  3 balrugs
  4 iron dragons
  A draconian scorcher (Zot:4)
  3 draconian shifters
  3 vampire knights
  A draconian annihilator (Zot:2)
  6 reapers
  An elemental wellspring (Coc:1)
  12 ironheart preservers
  3 spriggan defenders
  3 war gargoyles
  12 very ugly things
  28 stone giants
  4 green draconians
  2 salamander firebrands
  A deep elf annihilator (Depths:4)
  3 purple draconians
  4 mottled draconians
  2 white draconians (Zot:2)
  3 deep elf demonologists
  A dire elephant (shapeshifter) (Zig:3)
  2 red draconians
  3 salamander stormcallers
  4 black draconians
  2 yellow draconians (Zot:4)
  A dire elephant (Zig:1)
  A chaos champion (Zig:3)
  A deep elf death mage (Vaults:1)
  An eidolon (Depths:3)
  4 merfolk javelineers
  A fire dragon (shapeshifter) (Vaults:5)
  13 ettins
  5 death cobs
  2 deep elf high priests (Vaults:5)
  A jiangshi (Vaults:3)
  9 fire dragons
  30 vault guards
  8 merfolk impalers
  A kraken zombie (Coc:1)
  A blizzard demon (Coc:1)
  14 yaktaur captains
  17 ogre magi
  4 entropy weavers
  5 rakshasas
  5 great orbs of eyes
  Erolcha (Orc:1)
  9 spriggan air magi
  3 hydras
  10 ice dragons
  A catoblepas (Lair:7)
  3 merfolk avatars (Shoals:2)
  Erica (D:9)
  An alligator snapping turtle (Shoals:3)
  10 centaur warriors
  2 merfolk aquamancers (Shoals:4)
  3 dancing weapons (Depths:3)
  7 deep troll shamans
  6 deep troll earth magi
  8 tengu warriors
  A vampire mage (Depths:2)
  4 orc high priests
  5 spriggan berserkers
  4 hell hogs (Hell)
  Urug (Orc:3)
  A large abomination (Vaults:5)
  5 soul eaters
  5 death yaks
  20 hell knights
  2 iron trolls (Depths:5)
  A titan skeleton (Coc:1)
  2 salamander mystics (Depths:4)
  2 sun demons (Depths:2)
  3 fire crabs
  9 ice devils
  2 deep elf knights
  A spectral anaconda (Depths:3)
  2 unseen horrors
  16 skeletal warriors
  8 giant orange brains
  3 anaconda zombies
  A storm dragon skeleton (Coc:1)
  9 sea snakes
  9 shadow wraiths
  2 death drakes (Depths:3)
  6 flayed ghosts
  17 deep trolls
  A harpy (shapeshifter) (Depths:2)
  3 deep elf summoners
  A shadow demon (Depths:4)
  A spectral minotaur (Depths:3)
  An ice statue (Hell)
  7 hill giants
  An infernal demonspawn (Depths:4)
  13 ironbrand convokers
  A shadow dragon zombie (Coc:1)
  3 spectral hydras
  5 wizards
  17 orc knights
  A golden dragon skeleton (Coc:1)
  A deep elf conjurer (Vaults:5)
  10 orc sorcerers
  9 phantasmal warriors
  10 orb spiders
  32 harpies
  30 wolf spiders
  17 griffons
  3 necromancers
  An iron dragon zombie (Hell)
  8 manticores
  An anaconda skeleton (Hell)
  18 hornets
  4 water nymphs
  6 cyclopes
  A water nymph (shapeshifter) (Zig:4)
  6 moths of wrath
  32 ugly things
  An iron dragon skeleton (Coc:1)
  11 elephants
  2 stone giant skeletons (Coc:1)
  7 sirens
  3 rust devils (Hell)
  An apocalypse crab (Zig:3)
  A shock serpent zombie (Hell)
  A dire elephant zombie (Coc:1)
  An orange demon (Depths:4)
  6 salamanders (Depths:4)
  A sixfirhy (Depths:4)
  A frost giant skeleton (Coc:1)
  9 spiny frogs
  3 torpor snails
  A black mamba (shapeshifter) (Depths:2)
  Psyche (D:9)
  3 gargoyles
  A mana viper (Depths:3)
  3 black mambas
  2 orange crystal statues (Depths:3)
  14 vault sentinels
  A catoblepas zombie (Coc:1)
  2 hellions
  3 spectral merfolk (Depths:3)
  An anaconda simulacrum (Hell)
  11 demonic crawlers
  29 yaktaurs
  5 tengu conjurers
  4 komodo dragons
  4 tormentors (Coc:1)
  A golden dragon simulacrum (Coc:1)
  35 two-headed ogres
  6 trolls
  12 fire drakes
  8 hydra zombies
  11 blue devils
  4 deep elf priests
  A wind drake (shapeshifter) (Zig:4)
  14 freezing wraiths
  3 wind drakes
  34 merfolk
  4 polar bears
  5 boulder beetles
  A red devil (Hell)
  Prince Ribbit (D:7)
  11 snapping turtles
  2 alligator zombies (Coc:1)
  A fire dragon zombie (Hell)
  A minotaur skeleton (Coc:1)
  15 jumping spiders
  2 ettin zombies (Coc:1)
  4 hydra skeletons
  7 shadows
  A fire giant simulacrum (Hell)
  3 raiju (Depths:3)
  18 slime creatures
  20 tarantellas
  5 air elementals
  An alligator skeleton (Hell)
  A black mamba zombie (Hell)
  2 humans (shapeshifter)
  A spriggan (Depths:3)
  15 water elementals
  3 ettin skeletons (Coc:1)
  17 yaks
  8 flying skulls (Coc:1)
  16 trapdoor spiders
  11 blink frogs
  2 yaks (shapeshifter)
  A trapdoor spider (shapeshifter) (Vaults:1)
  45 redbacks
  2 basilisks (Lair:5)
  7 wraiths
  7 vampires
  6 fire bats (Depths:4)
  2 fire elementals (Hell)
  5 deep elf magi
  A human (D:13)
  5 deep elf fighters
  4 chaos spawn
  Grum (D:8)
  A harpy simulacrum (D:15)
  7 wyverns
  12 vampire mosquitoes
  2 hungry ghosts
  2 mottled dragons
  10 wargs
  Menkaure (D:7)
  4 hell hounds (Depths:3)
  3 spiny frog zombies (Coc:1)
  9 water moccasins
  15 hippogriffs
  A human simulacrum (Vaults:2)
  7 porcupines
  2 spectral trolls (Depths:3)
  2 soldier ants (D:12)
  10 wolves
  3 sky beasts
  18 spiders
  8 ice beasts
  2 black bears (shapeshifter)
  4 eyes of draining
  4 spectral spriggans (Depths:3)
  A water moccasin (shapeshifter) (Depths:5)
  17 centaurs
  An eye of draining (shapeshifter) (Depths:1)
  49 orc warriors
  5 boggarts (Vaults:1)
  The ghost of Nattefrost the Cudgeler, an average DrBe of Trog (D:4)
  4 black bears
  2 necrophages (Coc:1)
  4 phantoms
  7 wasps
  An ice beast (shapeshifter) (Depths:2)
  74 ogres
  7 big kobolds
  A brain worm (shapeshifter) (Vaults:1)
  7 crocodiles
  21 giant frogs
  A wyvern zombie (D:13)
  A brain worm (D:14)
  A spiny frog simulacrum (Hell)
  A gnoll sergeant (D:7)
  6 scorpions
  4 spectral nagas (Depths:3)
  6 killer bees (D:14)
  6 electric eels
  A spectral centaur (Depths:3)
  A quasit (D:6)
  6 wights
  8 crimson imps
  11 hounds
  6 centaur zombies
  2 iron imps (Hell)
  27 orc priests
  16 jellies
  Terence (D:3)
  2 giant frog skeletons
  32 orc wizards
  7 iguanas
  16 sheep
  15 worker ants
  2 killer bee zombies
  A lightning spire (Zig:7)
  A yak simulacrum (Lair:6)
  4 wolf simulacra (Lair:6)
  A troll simulacrum (Depths:3)
  5 polar bear simulacra (Lair:6)
  A hound zombie (D:7)
  A hound skeleton (D:4)
  A worker ant zombie (D:11)
  16 adders
  23 gnolls
  76 river rats
  5 shadow imps
  4 white imps (Coc:1)
  A giant eyeball (Depths:3)
  2 oozes
  An adder skeleton (D:8)
  5 worms
  7 giant geckos
  196 orcs
  8 giant cockroaches
  2 goblins
  11 hobgoblins
  15 jackals
  28 kobolds
  3 quokkas
  2 ball pythons (D:6)
  3 bats
  2 giant newts
  A quokka skeleton (D:7)
  11 rats
  A river rat simulacrum (Lair:6)
  4 crawling corpses (Vaults:5)
  A fire vortex (Vaults:4)
  17 fungi
  15 plants
  8 tentacles
2342 creatures vanquished.

Vanquished Creatures (collateral kills)
  An ancient lich (Vaults:5)
  Boris (Vaults:3)
  A golden dragon (Vaults:5)
  2 shadow dragons (Depths:2)
  3 emperor scorpions (Spider:1)
  A ghost moth (Spider:4)
  A large abomination (Vaults:5)
  An orc warlord (Orc:3)
  2 ironheart preservers
  A stone giant (Vaults:5)
  A merfolk javelineer (Shoals:4)
  A merfolk impaler (Shoals:4)
  6 hydras
  A deep elf high priest (Vaults:5)
  A small abomination (Vaults:5)
  A centaur warrior (D:12)
  An entropy weaver (Spider:1)
  A catoblepas (Lair:8)
  4 merfolk aquamancers (Shoals:4)
  A satyr (Shoals:4)
  6 death yaks
  A deep troll earth mage (Vaults:3)
  A sea snake (Shoals:4)
  A deep troll (Vaults:3)
  A phantasmal warrior (Vaults:5)
  3 orc knights
  5 wolf spiders
  2 orb spiders
  A hornet (Spider:1)
  A black mamba (Lair:3)
  Joseph (D:9)
  3 elephants (Lair:8)
  A vault sentinel (Vaults:3)
  A torpor snail (Spider:1)
  A komodo dragon (Lair:3)
  2 spiny frogs (Lair:3)
  A merfolk (Shoals:4)
  2 jumping spiders
  A boulder beetle (Spider:1)
  6 tarantellas
  3 trapdoor spiders
  6 redbacks
  A deep elf fighter (Vaults:5)
  3 wolves (Lair:8)
  2 vampire mosquitoes (D:12)
  A chaos spawn (Zig:4)
  2 ice beasts (D:9)
  2 spiders (Spider:1)
  A wasp (Spider:4)
  3 centaurs (D:12)
  6 orc warriors
  A phantom (D:12)
  A crocodile (Lair:8)
  A big kobold (D:9)
  A giant frog (Lair:3)
  A scorpion (Spider:1)
  5 wights (D:9)
  An orc priest (Orc:3)
  A hound (D:10)
  2 iguanas
  2 orc wizards
  A shadow imp (D:9)
  17 orcs
  5 kobolds (D:9)
142 creatures vanquished.

Vanquished Creatures (others)
  An eldritch tentacle (Zot:5)
  A draconian annihilator (Depths:5)
  A merfolk javelineer (Shoals:4)
  A vault guard (Vaults:4)
  A fire dragon (Depths:5)
  A spriggan (Depths:5)
  A shadow wraith (Depths:3)
  An orc knight (Vaults:4)
  A vault sentinel (Vaults:4)
  3 yaktaurs
  A freezing wraith (Coc:1)
  A tarantella (Spider:4)
  A wolf (Depths:3)
  A wasp (Depths:5)
  2 ogres
  3 centaurs
  An orc priest (Vaults:5)
  A sheep (Shoals:2)
  2 orcs
  83 eldritch tentacle segments (Zot:5)
  3 fire vortices
  11 fungi
  10 plants
  14 tentacles
  496 tentacle segments
642 creatures vanquished.

Grand Total: 3126 creatures vanquished

Notes
Turn   | Place    | Note
--------------------------------------------------------------
     0 | D:1      | Nakatomy the Deep Dwarf Fighter began the quest for the Orb.
     0 | D:1      | Reached XP level 1. HP: 20/20 MP: 1/1
   253 | D:1      | Reached XP level 2. HP: 21/27 MP: 2/2
   553 | D:1      | Reached XP level 3. HP: 19/34 MP: 3/3
   983 | D:3      | Reached skill level 4 in Axes
   987 | D:3      | Reached XP level 4. HP: 28/42 MP: 4/4
  1084 | D:3      | Found a shattered altar of Ashenzari.
  1255 | D:3      | Reached skill level 5 in Axes
  1255 | D:3      | Reached XP level 5. HP: 20/49 MP: 5/5
  1428 | D:3      | Noticed Terence
  1488 | D:3      | Killed Terence
  1662 | D:3      | Reached skill level 6 in Axes
  1987 | D:3      | Reached XP level 6. HP: 35/57 MP: 5/5
  2276 | D:2      | Reached skill level 1 in Evocations
  2496 | D:4      | Found a shimmering altar of Xom.
  2562 | D:4      | Noticed Nattefrost's ghost (average DrBe)
  2578 | D:4      | Killed Nattefrost's ghost
  2578 | D:4      | Reached skill level 7 in Axes
  2578 | D:4      | Reached XP level 7. HP: 19/64 MP: 7/7
  2586 | D:4      | Found a glowing golden altar of the Shining One.
  3191 | D:5      | Entered Level 5 of the Dungeon
  3357 | D:5      | Reached skill level 8 in Axes
  3662 | D:5      | Found an iron altar of Okawaru.
  4041 | D:6      | Noticed Eustachio
  4161 | D:5      | Reached XP level 8. HP: 33/73 MP: 7/7
  4358 | D:6      | Found a staircase to the Ecumenical Temple.
  4369 | Temple   | Entered the Ecumenical Temple
  4407 | Temple   | Became a worshipper of Makhleb the Destroyer
  4769 | D:6      | Reached skill level 5 in Fighting
  5193 | D:6      | Reached skill level 9 in Axes
  5396 | D:7      | Acquired Makhleb's first power
  5789 | D:7      | Reached skill level 10 in Axes
  5797 | D:7      | Noticed Menkaure
  5803 | D:7      | Killed Menkaure
  5803 | D:7      | Gained mutation: You passively map the area around you. [Deep Dwarf growth]
  5803 | D:7      | Reached XP level 9. HP: 45/82 MP: 7/7
  5816 | D:7      | Noticed Prince Ribbit
  5840 | D:7      | Killed Prince Ribbit
  5840 | D:7      | Reached skill level 5 in Armour
  5876 | D:8      | Acquired Makhleb's second power
  5898 | D:8      | Found a deep blue altar of Sif Muna.
  5919 | D:8      | Found a glowing silver altar of Zin.
  5945 | D:8      | Reached skill level 1 in Invocations
  5963 | D:8      | Found a shadowy altar of Dithmenos.
  5994 | D:8      | Found a white marble altar of Elyvilon.
  6014 | D:8      | Found a staircase to the Lair.
  6015 | D:8      | Noticed a fire drake
  6028 | D:8      | Killed a fire drake
  6521 | D:8      | Noticed Grum
  6550 | D:8      | Killed Grum
  6554 | D:8      | Reached skill level 5 in Invocations
  6660 | D:8      | Reached skill level 5 in Shields
  6857 | D:6      | Reached XP level 10. HP: 53/94 MP: 11/11
  6870 | D:6      | Acquired Makhleb's third power
  7277 | D:9      | Noticed Psyche
  7441 | D:9      | Noticed Joseph
  7459 | D:9      | Killed Joseph
  7501 | D:9      | Killed Psyche
  7604 | D:9      | Acquired Makhleb's fourth power
  7718 | D:9      | Noticed Erica
  7752 | D:9      | Killed Erica
  8083 | D:9      | Found a sacrificial altar of Ru.
  8381 | D:10     | Entered Level 10 of the Dungeon
  8491 | D:10     | Reached skill level 11 in Axes
  8872 | Lair:1   | Entered Level 1 of the Lair of Beasts
  8998 | Lair:1   | Identified the Incunabulum of Execration
  9113 | Lair:1   | Identified a scroll of acquirement
  9116 | Lair:1   | Got a twisted broad axe
  9117 | Lair:1   | Identified the +3 broad axe of Ariqag {chop, Str+7} (You acquired it on level 1 of the Lair of Beasts)
  9410 | Lair:1   | Reached XP level 11. HP: 60/104 MP: 9/9
 10595 | Lair:3   | Noticed a four-headed hydra
 10615 | Lair:3   | Killed a five-headed hydra
 11706 | Lair:3   | Noticed a death yak
 11707 | Lair:3   | Noticed a death yak
 11707 | Lair:3   | Noticed a death yak
 11707 | Lair:3   | Noticed a death yak
 11729 | Lair:3   | Killed a death yak
 11737 | Lair:3   | Killed a death yak
 11741 | Lair:3   | Killed a death yak
 11741 | Lair:3   | Reached skill level 12 in Axes
 11761 | Lair:3   | Killed a death yak
 11799 | Lair:4   | Reached skill level 10 in Armour
 11864 | Lair:4   | Noticed Snorg
 12070 | Lair:3   | Noticed a seven-headed hydra
 12086 | Lair:3   | Killed an eight-headed hydra
 12536 | Lair:5   | Reached skill level 10 in Fighting
 12561 | Lair:5   | Reached XP level 12. HP: 111/116 MP: 9/9
 12611 | Lair:5   | Reached skill level 13 in Axes
 12821 | Lair:5   | Acquired Makhleb's fifth power
 13130 | Lair:5   | Found an ancient bone altar of Kikubaaqudgha.
 13385 | Lair:5   | Found a staircase to the Shoals.
 13397 | Lair:5   | Reached skill level 14 in Axes
 13694 | Lair:6   | Found a hole to the Spider Nest.
 13725 | Lair:6   | Noticed an eight-headed hydra
 13742 | Lair:6   | Killed a nine-headed hydra
 13759 | Lair:6   | Reached skill level 15 in Axes
 14002 | Lair:6   | Noticed Rupert
 14273 | Lair:6   | Reached XP level 13. HP: 114/126 MP: 9/9
 14370 | Lair:7   | Reached skill level 16 in Axes
 15462 | Lair:8   | Entered Level 8 of the Lair of Beasts
 15517 | Lair:8   | Reached skill level 17 in Axes
 15714 | Lair:8   | Found a staircase to the Slime Pits.
 15715 | Lair:8   | Found a viscous altar of Jiyva.
 15869 | Lair:8   | Reached skill level 18 in Axes
 16640 | D:10     | Killed an unseen horror
 17143 | D:11     | Gained mutation: You resist negative energy. [Deep Dwarf growth]
 17143 | D:11     | Reached XP level 14. HP: 133/135 MP: 9/9
 17145 | D:11     | Found Johucad's Food Boutique.
 17552 | D:12     | Found a staircase to the Orcish Mines.
 17608 | Orc:1    | Entered Level 1 of the Orcish Mines
 17888 | Orc:1    | Noticed Erolcha
 17896 | Orc:1    | Killed Erolcha
 18177 | Orc:2    | Found a roughly hewn altar of Beogh.
 18738 | Orc:4    | Entered Level 4 of the Orcish Mines
 18738 | Orc:4    | Found a staircase to the Elven Halls.
 18888 | Orc:3    | Noticed Urug
 18900 | Orc:3    | Killed Urug
 19044 | Orc:3    | Noticed an orc warlord
 19047 | Orc:3    | Noticed an orc warlord
 19083 | Orc:3    | Killed an orc warlord
 19103 | Orc:3    | Killed an orc warlord
 19190 | Orc:3    | Reached skill level 10 in Invocations
 19230 | Orc:3    | Got a bound wooden ring
 19244 | Orc:3    | Identified the ring "Rotiodd" {rPois rC+ rN+ Dex+3} (You found it on level 3 of the Orcish Mines)
 19798 | Orc:4    | Found Buil's General Store.
 19950 | Orc:4    | Found Ydoy's Distillery.
 19951 | Orc:4    | Found Echefi's Armour Shop.
 19951 | Orc:4    | Found Vaimus's Armour Shop.
 19987 | Orc:4    | Bought a potion of degeneration for 17 gold pieces
 20161 | Orc:4    | Bought a +2 buckler of reflection for 314 gold pieces
 20184 | Orc:4    | Bought a scroll of enchant armour for 120 gold pieces
 21403 | D:13     | Found a gate to the Vaults.
 22181 | D:12     | Reached XP level 15. HP: 146/146 MP: 10/10
 22582 | Spider:1 | Entered Level 1 of the Spider Nest
 23454 | Spider:1 | Upgraded the game from 0.17-a0-1646-geb1493d to 0.17-a0-1647-gb11a595
 23538 | Shoals:1 | Entered Level 1 of the Shoals
 23595 | Shoals:1 | Got a crude scale mail
 23606 | Shoals:1 | Identified the +7 scale mail of a treasure trove {-Tele rN+ Dex+4} (You found it on level 1 of the Shoals)
 23694 | Shoals:1 | Got a transparent trident
 24774 | Shoals:2 | Reached XP level 16. HP: 158/158 MP: 12/12
 24891 | Shoals:2 | Noticed a kraken
 24917 | Shoals:2 | Killed a kraken
 25084 | Shoals:2 | Reached skill level 15 in Armour
 25993 | Shoals:3 | Got a jade-studded ring mail
 26784 | Shoals:4 | Entered Level 4 of the Shoals
 27012 | Shoals:4 | Got a barnacled rune of Zot
 27238 | Shoals:4 | Noticed Ilsuiw
 28095 | Lair:1   | Identified the +3 ring mail "Hagre" {+Inv rElec rF- Slay+4} (You found it on level 3 of the Shoals)
 28135 | Lair:1   | Identified the +4 trident of Valour {pierce, +Rage rF+} (You found it on level 1 of the Shoals)
 28459 | Vaults:1 | Entered Level 1 of the Vaults
 28635 | Vaults:1 | Reached skill level 15 in Fighting
 28655 | Vaults:1 | Reached XP level 17. HP: 149/170 MP: 11/11
 28821 | Vaults:1 | Reached skill level 15 in Invocations
 28859 | Vaults:1 | Found Doghelur's Antique Armour Shoppe.
 28865 | Vaults:1 | Bought a transparent plate armour for 1092 gold pieces
 28865 | Vaults:1 | Bought a fine cloak for 370 gold pieces
 28875 | Vaults:1 | Identified the +2 cloak of Curiosity {rPois rF+++ Int-5 Stlth+} (You bought it in a shop on level 1 of the Vaults)
 28885 | Vaults:1 | Identified the +11 plate armour of Nydiqug {rN+} (You bought it in a shop on level 1 of the Vaults)
 28946 | Vaults:1 | Found Madopnui's Antique Armour Shoppe.
 28952 | Vaults:1 | Found Birho's Magic Scroll Shoppe.
 28981 | Vaults:1 | Found Xetoimem's Distillery.
 28997 | Vaults:1 | Found Ricreaf's Weapon Boutique.
 30894 | Vaults:2 | Noticed Nikola
 30920 | Vaults:2 | Killed Nikola
 30975 | Vaults:2 | Gained mutation: You passively map a large area around you. [Deep Dwarf growth]
 30975 | Vaults:2 | Reached XP level 18. HP: 158/181 MP: 13/13
 31237 | Vaults:3 | Found Uxulya Supp's Antique Armour Shoppe.
 31249 | Vaults:3 | Bought a pair of ancient gloves for 304 gold pieces
 31254 | Vaults:3 | Identified the cursed +0 pair of gloves "Kynila" {rPois MP+9 Dex-3} (You bought it in a shop on level 3 of the Vaults)
 31562 | Vaults:3 | Noticed Boris
 31572 | Vaults:3 | Killed Boris
 31607 | Vaults:3 | Reached skill level 19 in Axes
 31707 | Vaults:3 | Found a staircase to the Crypt.
 31969 | Vaults:3 | Found Reent's Book Shop.
 32144 | Vaults:3 | Found Ufukea's Antique Armour Shop.
 35013 | Vaults:5 | Entered Level 5 of the Vaults
 35020 | Vaults:5 | Reached XP level 19. HP: 193/193 MP: 14/14
 35040 | Vaults:5 | Noticed a golden dragon
 35058 | Vaults:5 | Killed a golden dragon
 35231 | Vaults:5 | Noticed an ancient lich
 35243 | Vaults:5 | Killed an ancient lich
 35540 | Vaults:5 | Reached XP level 20. HP: 137/211 MP: 14/14
 35589 | Vaults:5 | Identified the Catalogue of Harmful Lightness (You found it on level 5 of the Vaults)
 35644 | Vaults:5 | Reached skill level 20 in Fighting
 35713 | Vaults:5 | Got a silver rune of Zot
 35715 | Vaults:5 | Got a warped crystal amulet
 35717 | Vaults:5 | Identified the amulet "Vymiur" {Stasis Int+4} (You found it on level 5 of the Vaults)
 35906 | Vaults:5 | Noticed a golden dragon
 35935 | Vaults:5 | Killed a golden dragon
 36053 | Vaults:5 | Got a pitted glass ring
 36060 | Vaults:5 | Identified the ring of Sidofin {rC+ MR++ Dex+2} (You took it off an ironbrand convoker on level 5 of the Vaults)
 36064 | Vaults:5 | Noticed an ancient lich
 36070 | Vaults:5 | Killed an ancient lich
 37524 | Vaults:5 | Got an ivory hand crossbow
 37604 | Vaults:5 | Got a scintillating bronze ring
 37687 | Vaults:5 | Identified the cursed +2 hand crossbow of the Thing {freeze, +Blink rC+} (You took it off an ironheart preserver on level 5 of the Vaults)
 37819 | Vaults:5 | Got a pitted ivory amulet
 37825 | Vaults:5 | Identified the ring "Jafasar" {*Drain rC+ Int+4 Dex+3 Slay+2} (You took it off an ironbrand convoker on level 5 of the Vaults)
 37827 | Vaults:5 | Identified the amulet of Duiwkill {Inacc *Drain rF+ rN++ Dex+4} (You found it on level 5 of the Vaults)
 41218 | Spider:4 | Entered Level 4 of the Spider Nest
 42947 | Spider:4 | Got a gossamer rune of Zot
 43141 | Lair:6   | Killed Rupert
 43141 | Lair:6   | Reached XP level 21. HP: 222/222 MP: 11/11
 43811 | D:14     | Got a translucent whip
 44287 | D:15     | Entered Level 15 of the Dungeon
 44741 | D:15     | Found a staircase to the Depths.
 45342 | Depths:1 | Entered Level 1 of the Depths
 45438 | Depths:1 | Reached skill level 21 in Fighting
 45457 | Depths:1 | Found a gateway to Hell.
 45463 | Depths:1 | Found a sparkling altar of Nemelex Xobeh.
 45510 | Depths:1 | Noticed runewalsh's ghost (mighty OpIE)
 45512 | Depths:1 | Found Ugooluch's Food Shoppe.
 45522 | Depths:1 | Killed runewalsh's ghost
 46106 | Depths:1 | Got a vibrating platinum amulet
 46109 | Depths:1 | Identified the amulet "Onomeuch" {Spirit MR- MP+9 Int+3} (You took it off a centaur warrior on level 1 of the Depths)
 46874 | Depths:2 | Noticed a caustic shrike
 46884 | Depths:2 | Killed a caustic shrike
 47542 | Depths:2 | Reached XP level 22. HP: 167/232 MP: 11/11
 48689 | Depths:3 | Noticed Jorgrun
 48702 | Depths:3 | Killed Jorgrun
 48794 | Depths:3 | Got an iridescent war axe {flame}
 48795 | Depths:3 | Identified the +6 war axe "Oneytac" {flame, Dex+10} (You took it off a fire giant on level 3 of the Depths)
 48969 | Depths:3 | Noticed Maud
 48985 | Depths:3 | Killed Maud
 49213 | Depths:3 | Found a one-way gate leading to the halls of Pandemonium.
 49473 | Depths:4 | Found a gateway to a ziggurat.
 49603 | Zig:1    | Entered Level 1 of a ziggurat
 49637 | Zig:2    | Entered Level 2 of a ziggurat
 49679 | Zig:2    | Identified the +2 whip of Dullness {flame, *Drain MP+9 Str+4} (You found it on level 14 of the Dungeon)
 49693 | Zig:2    | Got a pair of slimy boots
 49706 | Zig:2    | Identified the +2 pair of boots "Plog" {rF+ rC++ Str-2 Int+2} (You found it on level 2 of a ziggurat)
 49709 | Zig:3    | Entered Level 3 of a ziggurat
 49753 | Zig:3    | Got a twitching lapis lazuli ring
 49762 | Zig:3    | Identified the ring of Onuutior {rN+ Str+4} (You found it on level 3 of a ziggurat)
 49778 | Zig:4    | Entered Level 4 of a ziggurat
 49824 | Zig:4    | Got an ichor-stained long sword
 49831 | Zig:5    | Entered Level 5 of a ziggurat
 49976 | Zig:6    | Entered Level 6 of a ziggurat
 50102 | Zig:7    | Entered Level 7 of a ziggurat
 50187 | Zig:8    | Entered Level 8 of a ziggurat
 50204 | Depths:4 | HP: 5/235 [hellion/burst of hellfire (16)]
 50405 | Depths:4 | Found a one-way gate to the infinite horrors of the Abyss.
 50622 | Depths:4 | Reached XP level 23. HP: 242/242 MP: 9/9
 50796 | Depths:4 | Reached skill level 22 in Fighting
 51435 | Hell     | Entered the Vestibule of Hell
 51435 | Hell     | Noticed Geryon
 51507 | Hell     | Killed Geryon
 51674 | Hell     | Found a gateway to the freezing wastes of Cocytus.
 51824 | Hell     | Noticed Murray
 51844 | Hell     | Killed Murray
 51986 | Hell     | Found a gateway to the decaying netherworld of Tartarus.
 52118 | Hell     | Found a gateway to the Iron City of Dis.
 52256 | Coc:1    | Entered Level 1 of Cocytus
 52446 | Coc:1    | Noticed a shard shrike
 52455 | Coc:1    | Killed a shard shrike
 53427 | Coc:1    | Reached XP level 24. HP: 253/253 MP: 5/5
 53997 | Depths:5 | Entered Level 5 of the Depths
 54655 | Spider:4 | Got a sapphire hand axe
 54656 | Spider:4 | Identified the +7 hand axe of the Assorted Lives {pain, rPois} (You found it on level 4 of the Spider Nest)
 55311 | Depths:5 | Found Boog's Gadget Shop.
 55483 | Depths:5 | Found a gate to the Realm of Zot.
 55629 | Depths:5 | Reached skill level 23 in Fighting
 57357 | Zot:1    | Entered Level 1 of the Realm of Zot
 57787 | Zot:4    | Reached skill level 24 in Fighting
 58093 | Zot:5    | Entered Level 5 of the Realm of Zot
 58340 | Zot:5    | Reached XP level 25. HP: 212/270 MP: 1/1
 58360 | Zot:5    | Noticed an ancient lich
 58360 | Zot:5    | Noticed an ancient lich
 58360 | Zot:5    | Noticed an orb of fire
 58362 | Zot:5    | Noticed an orb of fire
 58376 | Zot:4    | Killed an ancient lich
 58497 | Zot:5    | Noticed an ancient lich
 58498 | Zot:5    | Noticed an orb of fire
 58507 | Zot:5    | Noticed an ancient lich
 58510 | Zot:5    | Noticed an orb of fire
 58511 | Zot:5    | Gained mutation: You occasionally shout uncontrollably at your foes. [an orb of fire]
 58515 | Zot:5    | Noticed an ancient lich
 58518 | Zot:4    | Killed an ancient lich
 58532 | Zot:4    | Gained mutation: Scrolls take you a little longer to read. [an orb of fire]
 58535 | Zot:4    | Killed an orb of fire
 58535 | Zot:4    | Reached skill level 25 in Fighting
 58766 | Zot:5    | Noticed an ancient lich
 58772 | Zot:5    | Killed an orb of fire
 58783 | Zot:5    | Gained mutation: You sometimes yell uncontrollably at your foes. [an orb of fire]
 58800 | Zot:4    | Killed from afar by an electric golem

Vault maps used:
D:1:      minmay_arrival_four_houses, minmay_misc_feat_columns
D:2:      serial_glass, glass_columns_b, glass_columns_a
D:3:      kennysheep_big_flooded_room, grunt_ministairs_1, minmay_liquid_box,
          evilmike_ruin_ashenzari, uniq_terence
D:4:      nicolae_overflow_crystal_walls, old_standard_altar
D:5:      okawaru_metal_pillars_1_2, first_bread
D:6:      minmay_temple_entry_poolview, uniq_eustachio
D:7:      uniq_menkaure, uniq_prince_ribbit1
D:8:      elyvilon_altar_5, grunt_temple_overflow_open, minmay_lair_entry_lava,
          special_room, blue_anna_alchemist, nicolae_dithmenos_the_darkroom,
          uniq_grum
D:9:      nicolae_ru_the_path_less_chosen, uniq_psyche, uniq_erica, uniq_joseph
D:11:     serial_shops, nicolae_shop_competitors_out_of_business
D:12:     david_orc_2
D:13:     grunt_vaults_entry_fortified
D:14:     corexii_hall_statues_i
D:15:     grunt_enter_depths_hoard
Temple:   dpeg_five_rooms_temple_12
Lair:2:   grunt_megastairs_4, serial_bayou_shore_b, serial_bayou_shore_a
Lair:3:   infiniplex_staircase_pool, lemuel_fruit_tree
Lair:4:   nicolae_quartered_pool_little, grunt_forest_large_clearing_hut,
          lemuel_fruit_fields, uniq_snorg
Lair:5:   minmay_shoals_entry_hut, basic_altar, special_room
Lair:6:   nicolae_spider_entry_non_spiders, eino_house_with_fridge,
          bh_autumn_forest_stairs, serial_bayou_shore_b, uniq_rupert
Lair:7:   st_stairs_4
Lair:8:   grunt_lair_end_beastmaster, slime_altar_1,
          nicolae_quartered_pool_medium, patterned_corridor
Shoals:2: nicolae_shoals_kraken_intersection
Shoals:3: nicolae_shoals_circle_sea_wall
Shoals:4: shoals_end_simple, shoals_ilsuiw_alternative, yaktaur_hedge
Spider:1: nicolae_spider_corner
Spider:4: spider_rune_water, hangedman_spider_tarantella_strand
Orc:1:    nicolae_orc_stony_grotto, nicolae_orc_damp_corner, uniq_erolcha
Orc:2:    basic_altar
Orc:3:    nicolae_orc_pool_cavern, minmay_orc_treasury, uniq_urug
Orc:4:    st_orc_elflike, enter_volcano_1, nicolae_orc_crystal_geode
Vaults:1: hangedman_vaults_trim, v_misc_25, v_alt_pattern_3,
          ontoclasm_vaults_spin, ontoclasm_vaults_twist,
          nicolae_vaults_shelves_hall, vaults_room_semicircle,
          nicolae_vaults_alarming, v_misc_23, vaults_room_semicircle,
          serial_shops, nicolae_shop_crystal, nicolae_shop_crystal, shop, shop,
          nicolae_shop_stone
Vaults:2: nicolae_vaults_circle_grid_a, grunt_vaults_trifunnel,
          ontoclasm_vaults_hangar, v_misc_14, hangedman_vaults_locks,
          vaults_room_corners, hangedman_vaults_slither,
          nicolae_vaults_yaktaur_gun_rack, nicolae_vaults_diagonal_hallway_6,
          vaults_standard_mumra_x, vaults_room_semicircle, uniq_nikola
Vaults:3: minmay_crypt_entry_simple_box, v_misc_33,
          nicolae_vaults_disjoint_gnomons, nicolae_vaults_diagonal_hallway_7,
          ontoclasm_vaults_hangar, v_misc_32, nicolae_vaults_little_squares_3,
          vaults_dpeg_encased_lava, serial_shops, shop, shop, shop, uniq_boris
Vaults:4: nicolae_vaults_lopsided_apartments, hangedman_vaults_trim,
          hangedman_vaults_nails, dpeg_vaults_monster_box,
          ontoclasm_vaults_decontamination, vaults_room_large_hall,
          nicolae_vaults_asterisk, vaults_mumra_minichess_inversion, v_pattern_4
Depths:1: old_standard_altar, serial_shops, shop, hell_entry,
          kilobyte_mutagenic_chamber
Depths:2: nicolae_legendary_halls, lightli_too_deep,
          onia_ninara_dug_in_and_dangerous, infiniplex_staircase_river,
          serial_bayou_shore_b
Depths:3: lemuel_river_lethe, hell_entry, pan_entry, uniq_jorgrun
Depths:4: kennysheep_four_of_diamonds, enter_ziggurat_d,
          serial_sigils_hangedman_shear, abyss_entry_crystal,
          pf_hell_entry_tar_spiral, rand_demon_pan_entry_4,
          infiniplex_staircase_zigzag_3
Depths:5: grunt_zot_entry_tricorne, hell_entry, serial_sigils_hangedman_gut,
          serial_shops, shop_fountains, serial_bayou_shore_b
Zot:1:    nicolae_zot_stationary_front
Zig:5:    ziggurat_loot_1
Zig:6:    ziggurat_loot_3

Action                   |  1- 3 |  4- 6 |  7- 9 | 10-12 | 13-15 | 16-18 | 19-21 | 22-24 | 25-27 || total
-------------------------+-------+-------+-------+-------+-------+-------+-------+-------+-------++-------
Melee: War axe           |   119 |   234 |   508 |    18 |       |       |       |   634 |       ||  1513
       Hand axe          |       |       |       |   329 |       |       |       |       |       ||   329
       Broad axe         |       |       |       |   414 |  1470 |  1523 |  1472 |  1387 |       ||  6266
       Battleaxe         |       |       |       |       |       |       |       |   269 |   162 ||   431
Throw: Tomahawk          |       |     1 |    24 |     7 |       |       |     1 |       |       ||    33
Invok: Minor Destruction |       |       |     1 |     1 |       |       |       |       |       ||     2
       Lesser Servant of |       |       |       |    20 |     1 |       |       |       |       ||    21
       Greater Servant o |       |       |       |     1 |     9 |     4 |     8 |     4 |       ||    26
       Major Destruction |       |       |       |       |       |       |       |     1 |       ||     1
 Abil: Device Recharging |       |     1 |     2 |     7 |     3 |     4 |     8 |    12 |     1 ||    38
Evoke: Wand              |     2 |     5 |    18 |    30 |    15 |    15 |    27 |    58 |    13 ||   183
  Use: Scroll            |       |       |    10 |    18 |    14 |     7 |     6 |    21 |     3 ||    79
       Potion            |       |       |     4 |     2 |       |     4 |     2 |     5 |     1 ||    18
 Stab: Distracted        |       |       |       |     2 |     4 |     2 |       |     1 |       ||     9
       Fleeing           |       |       |       |       |       |     3 |       |       |       ||     3
       Confused          |       |       |       |       |       |     1 |       |       |       ||     1
       Held in net/web   |       |       |       |       |       |       |     1 |       |       ||     1
  Eat: Chunk             |       |     6 |    15 |    13 |    16 |    24 |    53 |    16 |       ||   143
       Beef jerky        |       |       |     1 |     1 |     2 |     1 |     3 |     2 |       ||    10
       Fruit             |       |       |       |     3 |       |       |       |     5 |       ||     8
       Meat ration       |       |       |       |     1 |     1 |     1 |     1 |     1 |       ||     5
       Bread ration      |       |       |       |     1 |     3 |     1 |     4 |     3 |       ||    12
       Pizza             |       |       |       |       |       |       |       |     1 |       ||     1
